 Dungeon Crawl Stone Soup version 0.24-a0-615-g751f86b5a9 (webtiles) character file.

Game seed: 268159116771789559, levelgen mode: deterministic

2058 Gebura the Thaumaturge (level 9, -4/45 HPs)
             Began as a Deep Elf Fire Elementalist on Sept 13, 2019.
             Was an Initiate of Vehumet.
             Slain by a hornet (15 damage)
             ... on level 6 of the Dungeon.
             The game lasted 00:37:10 (9472 turns).

Gebura the Thaumaturge (Deep Elf Fire Elementalist) Turns: 9472, Time: 00:37:10

Health: -4/45      AC:  3    Str: 10    XL:     9   Next: 5%
Magic:  16/23      EV: 17    Int: 24    God:    Vehumet [......]
Gold:   460        SH:  0    Dex: 15    Spells: 14/24 levels left

rFire    . . .     SeeInvis .   u - +0 rapier (elec)
rCold    . . .     Gourm    .   (no shield)
rNeg     . . .     Faith    .   a - +0 robe
rPois    .         Spirit   .   (no helmet)
rElec    .         Reflect  .   (no cloak)
rCorr    .         Harm     .   (no gloves)
MR       .....                  p - +0 pair of boots
Stlth    +++.......             (no amulet)
HPRegen  0.15/turn              r - ring of stealth
MPRegen  0.18/turn              (no ring)

@: mighty, lethally poisoned (-4 -> -13)
A: no striking features
a: Renounce Religion


You were on level 6 of the Dungeon.
You worshipped Vehumet.
Vehumet was noncommittal.
You were hungry.

You visited 2 branches of the dungeon, and saw 10 of its levels.

You collected 460 gold pieces.

Inventory:

Hand Weapons
 e - a +0 dagger
 u - a +0 rapier of electrocution (weapon)
Armour
 a - a +0 robe (worn)
 p - a +0 pair of boots (worn)
Magical Staves
 v - an uncursed staff of cold
Jewellery
 r - a ring of stealth (left hand)
Wands
 q - a wand of polymorph (26)
 y - a wand of flame (21)
Scrolls
 b - a scroll of blinking {unknown}
 d - 4 scrolls of remove curse {unknown}
 f - 5 scrolls of identify
 h - 3 scrolls of amnesia {unknown}
 j - 2 scrolls of fog {unknown}
 k - 6 scrolls of teleportation {unknown}
 l - a scroll of fear {unknown}
 n - a scroll of noise {unknown}
 s - 5 scrolls of enchant armour {unknown}
 x - a scroll of summoning {unknown}
 z - a scroll of magic mapping {unknown}
Potions
 g - 2 potions of invisibility
 i - 5 potions of haste
 m - a potion of agility
 o - a potion of might
 t - a potion of ambrosia {unknown}
 A - a potion of heal wounds {unknown}
Comestibles
 c - 17 rations


   Skills:
 + Level 7.4 Dodging
 - Level 2.4 Stealth
 + Level 8.3 Spellcasting
 + Level 6.5 Conjurations
 + Level 7.2 Fire Magic


You had 14 spell levels left.
You knew the following spells:

 Your Spells              Type           Power        Failure   Level  Hunger
a - Flame Tongue          Conj/Fire      #####        1%          1    None
b - Sticky Flame          Conj/Fire      #####...     3%          4    ##.....
c - Fireball              Conj/Fire      #####.....   10%         5    ####...

Your spell library contained the following spells:

 Spells                   Type           Power        Failure   Level  Hunger
 Throw Flame              Conj/Fire      #####.       1%          2    None
 Conjure Flame            Conj/Fire      #####...     1%          3    None
 Inner Flame              Hex/Fire       ####....     4%          3    None
 Confusing Touch          Hex            ##....       6%          1    None
 Confuse                  Hex            ##......     19%         3    None
 Gell's Gravitas          Tloc           ##........   19%         3    None
 Petrify                  Tmut/Erth      ##......     52%         4    ##.....
 Metabolic Englaciation   Hex/Ice        ##........   86%         5    ####...
 Yara's Violent Unravell  Hex/Tmut       ##........   86%         5    ####...


Dungeon Overview and Level Annotations

Branches:
Dungeon (9/15)             Temple (1/1) D:6
   Lair: D:8-11         Orc: D:9-12

Altars:
Ashenzari
Cheibriados
Dithmenos
Elyvilon
Fedhas
Makhleb
Nemelex Xobeh
Okawaru
Qazlal
Sif Muna
Trog
Uskayaw
Vehumet
Yredelemnul
Zin
The Shining One

Shops:
D:6 [   D:7 (   D:9 *

Annotations:
D:5 Sigmund
D:6 4 runed translucent doors
D:9 1 exclusion


Message History

Aiming: Sticky Flame (safe; 3% risk of failure)
Press: ? - help, Shift-Dir - straight line, f/p - hornet
Aim: a hornet (lightly wounded, covered in liquid flames)
The sticky flame hits the hornet.
The hornet is moderately wounded.
The hornet is covered in liquid flames!
You feel sick.
The hornet burns!
The hornet stings you!
You suddenly lose the ability to move!
The hornet stings you but does no damage.
The hornet stings you!
You are more poisoned.
You shrug off the repeated paralysis!
You feel yourself speed up.
You feel sick.
The hornet burns!
The hornet stings you!
* * * LOW HITPOINT WARNING * * *
You feel yourself slow down.
You can move again.
It was a potion of might.
You feel very mighty all of a sudden.
You feel yourself speed up.
You feel sick.
The hornet burns! x2; The hornet stings you!
You die...

.#.......)##.#...#..# ....
...##++##.))##.#.#..# ...°
..##8.Y8#####.##.#..# ..○°
..#8....8# #).#[##..# ####
#.#=....[# ######...######
#.#$....|# #####........#
#.#8....8# ...##..####.#
#.##8..8#######y.#..# #.#
#..##++##.'.#.##@#..# #.####
##........#..#.#.#..# #....#
##.##.##.#.####.#.## ####.#
##.#..##.##....##.# ####.#
##....###..######..# ##.##.####
#.....####.........####........##
##.......'.........).............
##...####..)......####...#.##.##
#..## ##.......## #..##.##.#


You could see a hornet (burning).

Vanquished Creatures
  A wyvern (D:9)
  An ice beast (D:5)
  A sky beast (D:9)
  2 black bears
  3 ogres
  2 centaurs
  A big kobold (D:7)
  A wyvern zombie (D:6)
  2 bullfrogs
  2 scorpions
  A howler monkey (D:3)
  A crimson imp (D:7)
  3 hounds
  4 orc priests
  Jessica (D:3)
  An iguana (D:8)
  An orc wizard (D:4)
  5 worker ants
  A killer bee zombie (D:6)
  A hound zombie (D:6)
  A hound skeleton (D:2)
  A worker ant zombie (D:6)
  8 adders
  3 gnolls (D:5)
  A shadow imp (D:7)
  An ooze (D:4)
  An adder skeleton (D:5)
  7 worms
  3 dart slugs
  7 leopard geckos
  19 orcs
  4 ball pythons
  2 bats
  5 giant cockroaches
  10 goblins
  6 hobgoblins
  13 kobolds
  5 quokkas
  5 frilled lizards
  A leopard gecko skeleton (D:4)
  A leopard gecko zombie (D:7)
  A quokka zombie (D:5)
  9 rats
149 creatures vanquished.

Vanquished Creatures (others)
  An ice beast (D:6)
1 creature vanquished.

Grand Total: 150 creatures vanquished

Notes
Turn   | Place    | Note
-------+----------+-------------------------------------------
     0 | D:1      | Gebura the Deep Elf Fire Elementalist began the quest for
                  | the Orb.
     0 | D:1      | Reached XP level 1. HP: 10/10 MP: 6/6
   116 | D:1      | Reached XP level 2. HP: 15/15 MP: 2/8
   678 | D:1      | Reached XP level 3. HP: 18/19 MP: 3/10
  1328 | D:2      | Reached skill level 4 in Spellcasting
  1328 | D:2      | Reached XP level 4. HP: 24/24 MP: 6/12
  1376 | D:2      | Learned a level 4 spell: Sticky Flame
  2207 | D:3      | Reached XP level 5. HP: 28/28 MP: 6/13
  2935 | D:3      | Noticed Jessica
  2948 | D:3      | Killed Jessica
  3050 | D:3      | Found a basalt altar of Yredelemnul.
  3051 | D:3      | Found a bloodstained altar of Trog.
  3212 | D:3      | Found a blossoming altar of Fedhas.
  3401 | D:3      | Reached skill level 5 in Spellcasting
  3401 | D:3      | Reached XP level 6. HP: 32/32 MP: 4/15
  3569 | D:4      | Learned a level 5 spell: Fireball
  3954 | D:4      | Reached skill level 5 in Fire Magic
  4263 | D:5      | Entered Level 5 of the Dungeon
  4690 | D:5      | Reached skill level 5 in Dodging
  4690 | D:5      | Reached XP level 7. HP: 36/36 MP: 9/17
  4751 | D:5      | Found a sparkling altar of Nemelex Xobeh.
  4827 | D:5      | Reached skill level 6 in Spellcasting
  5162 | D:5      | Found a white marble altar of Elyvilon.
  5357 | D:5      | Noticed Sigmund
  6128 | D:6      | Found a large runed translucent door.
  6128 | D:6      | Found a large runed translucent door.
  6288 | D:6      | Reached skill level 5 in Conjurations
  6288 | D:6      | Reached XP level 8. HP: 29/41 MP: 11/20
  6578 | D:6      | Noticed a hippogriff
  6587 | D:6      | Found a large runed translucent door.
  6587 | D:6      | Found a large runed translucent door.
  6794 | D:6      | Reached skill level 7 in Spellcasting
  7003 | D:7      | Found a sparkling altar of Nemelex Xobeh.
  7022 | D:7      | You fall into a shaft and drop 2 floors!
  7022 | D:9      | Found a shadowy altar of Dithmenos.
  7372 | D:9      | Found Luerau's Assorted Antiques.
  7509 | D:7      | Found a glowing silver altar of Zin.
  7635 | D:7      | Found Itefew's Weapon Emporium.
  7891 | D:7      | Reached skill level 8 in Spellcasting
  8072 | D:7      | Found a burning altar of Makhleb.
  8655 | D:6      | Reached XP level 9. HP: 45/45 MP: 18/23
  9206 | D:6      | Found Temuox's Armour Shop.
  9253 | D:6      | Found a staircase to the Ecumenical Temple.
  9262 | Temple   | Entered the Ecumenical Temple
  9281 | Temple   | Became a worshipper of Vehumet
  9470 | D:6      | Paralysed by a hornet for 2 turns
  9472 | D:6      | Slain by a hornet

Levels and vault maps discovered:
D:1:      tarquinn_simple_flora_water_e, layout_rooms
D:2:      layout_basic, first_ration, hex_intersection
D:3:      layout_loops_cross, fedhas_ov_isle_minmay,
          gammafunk_temple_overflow_statue, roderic_roman_lattice,
          glass_columns_a, kennysheep_flooded_box, uniq_jessica
D:4:      layout_rooms, minmay_goblin_kobold_house
D:5:      layout_loops_corners, nemelex_xobeh_ov_fountains_minmay,
          elyvilon_altar_5, minivault_23, uniq_sigmund
D:6:      layout_loops_corners, lemuel_temple_firewalk_b, serial_shops, shop,
          corexii_item_surrounded_by_moat, minmay_hollow_rounded_squares
D:7:      layout_basic, zin_statuary, makhleb_heckhound_becter, serial_shops,
          shop, nemelex_diamond_rough_becter
D:8:      layout_loops_ring, lemuel_round_altar, uniq_harold, uniq_joseph
D:9:      layout_grid_maze, nicolae_dithmenos_through_a_glass_darkly,
          lair_entry_dummy, basic_altar, serial_shops, shop, david_nohive_1,
          chequers_serial_rivers_marsh, uniq_maurice
Temple:   nicolae_temple_god_jail

Skill      XL: |  1  2  3  4  5  6  7  8 |
---------------+-------------------------+-----
Dodging        | 3 4 5 7 |  7.4
Conjurations   | 2 3 4 5 6 |  6.5
Spellcasting   | 4 5 6 8 |  8.3
Fire Magic     | 4 5 6 7 |  7.2
Stealth        | |  2.4

Action                   |  1- 3 |  4- 6 |  7- 9 || total
-------------------------+-------+-------+-------++-------
Melee: Dagger            |       |    13 |     5 ||    18
       Rapier            |       |       |    17 ||    17
       Staff             |       |       |     3 ||     3
 Cast: Flame Tongue      |    70 |    77 |    17 ||   164
       Sticky Flame      |       |    16 |    56 ||    72
       Fireball          |       |       |     3 ||     3
Evoke: Wand              |       |     2 |       ||     2
  Use: Scroll            |       |     4 |     1 ||     5
       Potion            |       |       |     1 ||     1
 Stab: Sleeping          |       |     7 |     7 ||    14
  Eat: Chunk             |     1 |    10 |    16 ||    27
       Ration            |       |     1 |     1 ||     2
Armor: Robe              |     5 |     4 |     4 ||    13
Dodge: Dodged            |    11 |    43 |    69 ||   123

Table legend:
 A = Non-vault XP
 B = Vault XP
 C = Vault XP percentage of total XP
 D = Non-vault monster count
 E = Vault monster count
 F = Vault count percentage of total count
                 A         B        C        D         E       F
            +---------+---------+-------+---------+---------+-------
      Total |    2689 |     251 |   8.5 |     139 |      10 |   6.7
            +---------+---------+-------+---------+---------+-------
        D:1 |      46 |       0 |   0.0 |      25 |       0 |   0.0
        D:2 |      62 |       0 |   0.0 |      14 |       0 |   0.0
        D:3 |     196 |      37 |  15.9 |      33 |       1 |   2.9
        D:4 |     390 |       0 |   0.0 |      17 |       0 |   0.0
        D:5 |     421 |       0 |   0.0 |      14 |       0 |   0.0
        D:6 |     559 |     171 |  23.4 |      14 |       8 |  36.4
        D:7 |     371 |      43 |  10.4 |      12 |       1 |   7.7
        D:8 |     156 |       0 |   0.0 |       6 |       0 |   0.0
        D:9 |     488 |       0 |   0.0 |       4 |       0 |   0.0
            +---------+---------+-------+---------+---------+-------
